 Dungeon Crawl Stone Soup version 0.25.1-11-g244df3a29b (webtiles) character file.

Game seed: 6575651031116678650

56 DeepDeath the Gusty (level 3, -1/26 HPs)
             Began as a Hill Orc Air Elementalist on Dec 24, 2023.
             Slain by Terence
             ... wielding a +1 flail of protection
              (5 damage)
             ... on level 2 of the Dungeon.
             The game lasted 00:06:43 (1718 turns).

DeepDeath the Gusty (Hill Orc Air Elementalist)     Turns: 1718, Time: 00:06:43

Health: -1/26      AC:  3    Str: 11    XL:     3   Next: 97%
Magic:  0/5        EV: 12    Int: 15    God:
Gold:   67         SH:  0    Dex: 11    Spells: 4/5 levels left

rFire    . . .     SeeInvis .   j - +4 dagger
rCold    . . .     Gourm    .   (no shield)
rNeg     . . .     Faith    .   a - +0 robe
rPois    +         Spirit   .   (no helmet)
rElec    .         Reflect  .   q - +0 cloak {rPois}
rCorr    .         Harm     .   (no gloves)
MR       .....                  (no boots)
Stlth    ++........             (no amulet)
HPRegen  0.08/turn              (no ring)
MPRegen  0.09/turn              (no ring)

@: no status effects
A: no striking features
a: no special abilities


You were on level 2 of the Dungeon.
You were not hungry.

You visited 1 branch of the dungeon, and saw 2 of its levels.

You collected 67 gold pieces.

Inventory:

Hand Weapons
 g - a +0 short sword
 j - a +4 dagger (weapon)
Missiles
 e - 91 stones
 h - 7 poisoned darts (quivered)
 i - 27 arrows
 k - 2 atropa-tipped darts
 l - 43 sling bullets
Armour
 a - a +0 robe (worn)
 q - a +0 cloak of poison resistance (worn)
Jewellery
 d - an uncursed ring of magical power {unknown}
 f - a +4 ring of slaying {unknown}
 n - a cursed ring of attention {unknown}
 p - a +4 ring of evasion {unknown}
Potions
 b - 2 potions of curing {unknown}
 m - a potion of heal wounds {unknown}
 o - a potion of brilliance {unknown}
Comestibles
 c - 3 rations


   Skills:
 + Level 1.0 Short Blades
 - Level 1.5 Dodging
 + Level 1.9 Stealth
 + Level 1.9 Spellcasting
 * Level 2.1 Conjurations
 * Level 2.9 Air Magic


You had 4 spell levels left.
You knew the following spells:

 Your Spells              Type           Power        Failure   Level  Hunger
z - Shock                 Conj/Air       #...         8%          1    ##.....

Your spell library contained the following spells:

 Spells                   Type           Power        Failure   Level  Hunger
 Swiftness                Chrm/Air       #.......     19%         2    ###....
 Static Discharge         Conj/Air       #.......     24%         3    ####...
 Airstrike                Air            ##........   54%         4    #####..
 Lightning Bolt           Conj/Air       #.........   91%         5    ######.


Dungeon Overview and Level Annotations

Branches:
Dungeon (2/15)

Altars:

Annotations:
D:2 Terence


Message History

Terence is almost dead.
Terence hits you with a +1 flail of protection.
All of the chunks of flesh in your inventory have rotted away.
Casting: Shock (safe; 8% risk of failure)
Confirm with . or Enter, or press ? or * to list all spells.
Aiming: Shock (safe; 8% risk of failure)
Press: ? - help, Shift-Dir - straight line The zap hits Terence but does no damage.
Terence is almost dead.
The zap hits Terence but does no damage.
Terence is almost dead.
Terence hits you with a +1 flail of protection!
* * * LOW HITPOINT WARNING * * *
Casting: Shock (safe; 8% risk of failure)
Confirm with . or Enter, or press ? or * to list all spells.
Aiming: Shock (safe; 8% risk of failure)
Press: ? - help, Shift-Dir - straight line The zap misses Terence. x2
Terence hits you with a +1 flail of protection.
You die...

# # #.#..# # #.###.#..# ####
#.....#### ...# ####..# #######
##.# ####..# #.....########
##.######.....####.....'......#
....g...#.###....#.....######.#
##.####g#.###..#.#............#
...#..#.#......#@#......########
#..#..#.#####.##@####.....g.....
#.....#.g...#..#.######.#######.
##.#.######.#..#..((((#.####
##.#.....##.##.######(#g#..
##.#####.##.# .. #.#.#@#
##.#####.##.# ### #g#.#.#
##.......##.# #.....#
###########.# ###.###


You could see Terence.

Vanquished Creatures
  2 gnolls
  A worm (D:2)
  2 dart slugs
  A leopard gecko (D:1)
  2 bats (D:1)
  A giant cockroach (D:1)
  6 goblins
  2 hobgoblins
  5 kobolds
  A frilled lizard (D:1)
  5 rats
28 creatures vanquished.

Notes
Turn   | Place    | Note
-------+----------+-------------------------------------------
     0 | D:1      | DeepDeath the Hill Orc Air Elementalist began the quest for
                  | the Orb.
     0 | D:1      | Reached XP level 1. HP: 14/14 MP: 3/3
   263 | D:1      | Reached XP level 2. HP: 17/20 MP: 4/4
   669 | D:1      | Reached XP level 3. HP: 26/26 MP: 1/5
  1625 | D:2      | Reached skill level 1 in Short Blades
  1655 | D:2      | Noticed Terence
  1718 | D:2      | Slain by Terence

Illustrated notes

Levels and vault maps discovered:
D:1:      lightli_arrival_boilingwater, layout_basic
D:2:      layout_basic, uniq_crazy_yiuf_cottage, uniq_terence

Skill      XL: |  1  2  3 |
---------------+----------+-----
Conjurations   | 2 |  2.1
Short Blades   | 1 |  1.0
Dodging        | |  1.5
Stealth        | |  1.9
Spellcasting   | |  1.9
Air Magic      | |  2.9

Action                   || total
-------------------------++-------
Melee: Dagger            ||    44
       Short sword       ||     2
       Unarmed           ||     1
Throw: Dart              ||     8
 Cast: Shock             ||    39
  Use: Scroll            ||     3
 Stab: Sleeping          ||     1
       Invisible         ||     1
  Eat: Ration            ||     1
Armor: Robe              ||    13
Dodge: Dodged            ||    37
